 Dungeon Crawl Stone Soup version 0.18.1-8-gdd0e5ea (webtiles) character file.

523927 Liquid the Peltast (level 27, -18/219 HPs)
             Began as a Human Fighter on June 4, 2016.
             Was a High Priest of the Shining One.
             Shot with a bolt by a yaktaur captain (34 damage)
             ... on level 5 of the Vaults.
             The game lasted 03:49:48 (60596 turns).

Liquid the Peltast (Human Fighter)                 Turns: 60596, Time: 03:49:53

Health: -18/219    AC: 24    Str: 25    XL:     27
Magic:  9/41       EV: 17    Int: 15    God:    the Shining One [*****.]
Gold:   3715       SH: 23    Dex: 20    Spells: 9 memorised, 30 levels left

rFire  + + .     SeeInvis .     Z - +6 trident of Tuni {pierce, rF+}
rCold  + + .     Gourm    .     e - +3 swamp dragon armour of Makhleb {*Contam rElec rPois rC+}
rNeg   + + .     Faith    .     y - +0 large shield
rPois  +         Spirit   .     V - +2 hat
rElec  +         Dismiss  .     Q - +2 cloak {+Inv}
rCorr  .         Reflect  .     n - +0 pair of gloves {Str+3}
SustAt .         Harm     .     (boots unavailable)
MR     ++...     Rnd*Rage +     N - amulet of regeneration
Stlth  +.........               b - ring of protection from fire
                                A - +4 ring of dexterity

@: marked, very slightly contaminated, glowing, very resistant to hostile
enchantments, very unstealthy
A: talons 3, slimy green scales 1, yellow scales 1, agile 1, berserk 1, cold
resistance 1, sense surroundings 1, regeneration 1, screaming 1, electricity
resistance, MP-powered wands
a: Divine Shield, Cleansing Flame, Summon Divine Warrior, Renounce Religion,
Evoke Invisibility
}: 2/15 runes: decaying, serpentine


You were on level 5 of the Vaults.
You worshipped the Shining One.
The Shining One was extremely pleased with you.
You were very hungry.

You visited 9 branches of the dungeon, and saw 47 of its levels.
You also visited: Ossuary and Ice Cave.

You collected 6162 gold pieces.
You spent 2447 gold pieces at shops.

Inventory:

Hand Weapons
 o - a +9 trishula of holy wrath
 Z - the +6 trident of Tuni (weapon) {pierce, rF+}
   (You found it on level 2 of the Depths)

   It inflicts extra damage upon your enemies.
   It protects you from fire.
Armour
 e - the +3 swamp dragon armour of Makhleb (worn) {*Contam rElec rPois rC+}
   (You found it in an ice cave)

   It protects you from cold.
   It insulates you from electricity.
   It protects you from poison.
   It causes magical contamination when unequipped.
 n - a +0 pair of gloves of strength (worn)
 y - a +0 large shield (worn)
 Q - a +2 cloak of invisibility (worn)
 V - a +2 hat (worn)
 X - the +2 buckler of the Catamount {rF- rN+ MR+}
   (You found it on level 10 of the Dungeon)

   It makes you vulnerable to fire.
   It protects you from negative energy.
   It affects your resistance to hostile enchantments.
Jewellery
 b - a ring of protection from fire (right hand)
 m - the ring "Jeag" {+Fly rC+++ MR- Int-3 Dex+3}
   (You found it on level 3 of the Depths)

   [ring of flight]

   It affects your intelligence (-3).
   It affects your dexterity (+3).
   It renders you almost immune to cold.
   It affects your resistance to hostile enchantments.
   It lets you fly.
 q - a +4 ring of intelligence
 A - a +4 ring of dexterity (left hand)
 N - an amulet of regeneration (around neck)
 O - the ring of Qesigh {SustAt Int+2}
   (You found it on level 2 of the Swamp)

   [ring of sustain attributes]

   It sustains your strength, intelligence and dexterity.
   It affects your intelligence (+2).
 P - the ring "Jaunocub" {rCorr MR- Int+9 Dex+4}
   (You took it off a yaktaur on level 3 of the Vaults)

   [ring of resist corrosion]

   It affects your intelligence (+9).
   It affects your dexterity (+4).
   It affects your resistance to hostile enchantments.
 Y - the ring "Ulajutae" {rCorr +Inv Dex-4 Slay+2}
   (You took it off Sojobo on level 2 of the Depths)

   [ring of resist corrosion]

   It affects your dexterity (-4).
   It affects your accuracy and damage with ranged weapons and melee attacks
   (+2).
   It lets you turn invisible.
Wands
 F - a wand of digging (5/24)
 J - a wand of heal wounds (3/9)
 M - a wand of teleportation (1/9)
Scrolls
 a - 8 scrolls of fear
 c - a scroll of magic mapping
 i - 4 scrolls of enchant weapon
 k - 4 scrolls of immolation
 p - 4 scrolls of amnesia
 t - 23 scrolls of teleportation
 u - 4 scrolls of blinking
 v - 7 scrolls of fog
 w - 9 scrolls of enchant armour
 x - 18 scrolls of remove curse
 R - 2 scrolls of identify
 U - 4 scrolls of recharging
Potions
 d - 4 potions of resistance
 g - 4 potions of cancellation
 l - 5 potions of ambrosia
 r - 4 potions of curing
 s - 6 potions of magic
 B - 5 potions of brilliance
 C - 4 potions of heal wounds
 D - 2 potions of cure mutation
 E - 3 potions of berserk rage
 G - 8 potions of flight
 I - a potion of might
 K - 2 potions of agility
Comestibles
 f - 28 bread rations
 z - 23 meat rations
 L - 28 fruits


   Skills:
 + Level 18.7 Fighting
 + Level 17.6 Polearms
 - Level 11.3 Armour
 + Level 13.9 Dodging
 + Level 19.1 Shields
 + Level 14.8 Spellcasting
 - Level 14.0 Transmutations
 * Level 14.1 Earth Magic
 - Level 15.3 Invocations


You had 30 spell levels left.
You knew the following spells:

 Your Spells              Type           Power        Failure   Level  Hunger
a - Blink                 Tloc           N/A          30%         2    None
b - Apportation           Tloc           ##........   21%         1    None
c - Passage of Golubria   Tloc           N/A          99%         4    ##.....
d - Statue Form           Trmt/Erth      ######...    12%         6    ######.
e - Spectral Weapon       Hex/Chrm       ##......     61%         3    None
f - Song of Slaying       Chrm           ##......     30%         2    None
g - Regeneration          Chrm/Necr      ##........   61%         3    None
h - Swiftness             Chrm/Air       ##......     30%         2    None
i - Repel Missiles        Chrm/Air       ##....       30%         2    None


Dungeon Overview and Level Annotations

Branches:
Dungeon (15/15)            Temple (1/1) D:5            Lair (8/8) D:8
  Swamp (4/4) Lair:3        Snake (4/4) Lair:5        Slime (0/6) Lair:7
    Orc (2/2) D:11            Elf (3/3) Orc:2        Vaults (5/5) D:14
  Crypt (0/3) Vaults:3     Depths (5/5) D:15            Zot (0/5) Depths:5

Altars:
Ashenzari
Cheibriados
Dithmenos
Elyvilon
Fedhas
Gozag
Kikubaaqudgha
Makhleb
Nemelex Xobeh
Okawaru
Pakellas
Qazlal
Ru
Sif Muna
Trog
Vehumet
Xom
Yredelemnul
Zin
The Shining One
Beogh

Shops:
D:4 (   D:9 :   D:14 *   Orc:2 [:[:   Elf:1 :(((?   Snake:2 [   Vaults:2 }
Vaults:3 =

Portals:
Hell: Depths:1 Depths:2 Depths:3 Depths:4 Depths:5
Abyss: Depths:4 Depths:5
Pandemonium: Depths:2 Depths:3
Ziggurat: Depths:5

Annotations:
Vaults:5 Xtahua
Depths:5 2 runed doors


Innate Abilities, Weirdness & Mutations

You have claws for feet.
You are partially covered in slimy green scales (AC +2).
You are partially covered in yellow scales (AC +2).
You are agile. (Dex +2)
You tend to lose your temper in combat.
Your flesh is cold resistant.
You passively map a small area around you.
Your natural rate of healing is unusually fast.
You occasionally shout uncontrollably at your foes.
You are resistant to electric shocks.
You expend magic power (3 MP) to strengthen your wands.


Message History

As you read the scroll of blinking, it crumbles to dust.
An iron dragon, 4 yaktaurs, a stone giant and a vault guard come into view.
You shout at the yaktaur captain!
You feel a little less mighty now.
The basilisk changes into a wyvern!
The phantasmal warrior blinks!
The storm dragon breathes lightning at you.
The bolt of lightning hits you! You resist.
* * * LOW HITPOINT WARNING * * *
The stone giant throws a large rock.
The large rock hits you but does no damage.
The yaktaur wields an arbalest.
The yaktaur shoots a bolt.
You block the bolt.
Found a chunk of flesh.
A deep elf high priest and a vault sentinel come into view.
The war gargoyle launches metal splinters at you.
The spray of metal splinters hits you!
* * * LOW HITPOINT WARNING * * *
The yaktaur captain unwields an uncursed slimy flail {flame}.
It stops flaming.
The yaktaur captain wields an arbalest.
The yaktaur captain shoots a bolt.
The bolt hits you!!
You die...

,,, , , #%c.p# ... , ,
#...c#...%.. #.
#....#...... * , , ,
##..#.%c.#...... ,
....#...W#.c...
....p.......DC.,
###...)))).###### ,
.....)<@)X(......
,.....<))<)c...... ,
.....)<<)))...... , ,
......))))..D... , **
###e.9......#######* *
#.el....(.........
..#.#.C..#9).[.....
.#e##...p#.e##########
, #e.
#....#..).(.......


You could see a tentacled monstrosity, an iron dragon, a storm dragon, 2 stone
giants, 2 yaktaur captains, a vault guard, 2 war gargoyles, a vault sentinel, a
deep elf knight, 2 deep elf high priests, a phantasmal warrior, an ironbrand
convoker, 3 yaktaurs, a deep elf mage and a wyvern shaped shifter.

Vanquished Creatures
  An ancient lich (Vaults:5)
  A juggernaut (Depths:2)
  Sojobo (Depths:2)
  Norris (Elf:2)
  The ghost of M4edhros the Peltast, a veteran FoHu of Dithmenos (Vaults:2)
  2 golden dragons
  Jory (Vaults:3)
  A bone dragon (Depths:5)
  Jorgrun (Snake:2)
  2 tentacled monstrosities (Depths:4)
  4 liches
  2 deep elf blademasters (Elf:3)
  Asterion (Elf:2)
  2 deep elf master archers (Elf:3)
  A quicksilver dragon (Vaults:3)
  4 sphinxes
  2 thorn hunters
  An ancient champion (Depths:2)
  Kirke (D:15)
  3 storm dragons
  5 shadow dragons
  7 tengu reavers
  6 greater nagas
  A draconian knight (Depths:5)
  Wiglaf (Elf:2)
  Roxanne (Swamp:2)
  7 deep elf sorcerers
  10 frost giants
  Donald (Snake:4)
  Louise (D:15)
  5 fire giants
  10 vault wardens
  An iron dragon (Depths:3)
  A draconian shifter (Depths:5)
  Aizul (Snake:4)
  6 deep elf elementalists
  A war gargoyle (Vaults:5)
  7 ironheart preservers
  21 very ugly things
  A draconian caller (Depths:5)
  2 spriggan defenders (Depths:2)
  26 stone giants
  Nessos (Lair:8)
  4 deep elf demonologists
  13 deep elf annihilators
  4 vampire knights
  2 white draconians (Depths:5)
  5 yellow draconians (Depths:5)
  A green draconian (Depths:5)
  3 salamander stormcallers
  A red draconian (Depths:5)
  8 spark wasps
  2 black draconians (Depths:5)
  A spark wasp (shapeshifter) (Depths:2)
  5 deep elf death magi
  4 purple draconians (Depths:5)
  Snorg (Lair:8)
  Josephine (Lair:4)
  33 vault guards
  9 fire dragons
  7 ettins
  2 deep elf high priests
  A green death (Depths:4)
  A merfolk impaler (Depths:3)
  8 entropy weavers
  10 great orbs of eyes
  26 hydras
  10 yaktaur captains
  2 jiangshi (Depths:1)
  2 spriggan air magi
  A catoblepas (D:13)
  11 naga warriors
  11 ice dragons
  A merfolk avatar (Swamp:4)
  13 ogre magi
  15 anacondas
  12 centaur warriors
  A ghost crab (Swamp:4)
  3 death knights
  8 alligators
  Erica (Lair:2)
  4 death yaks (Lair:5)
  7 deep troll earth magi
  6 deep troll shamans
  7 tengu warriors
  3 spriggan berserkers
  30 dancing weapons
  8 shock serpents
  20 naga sharpshooters
  4 vampire magi
  19 deep elf knights
  A large abomination (Elf:3)
  Sonja (Orc:2)
  3 hell knights
  4 shadow wraiths
  A fire crab (Vaults:2)
  6 iron trolls
  14 skeletal warriors
  5 wizards
  The ghost of Feta the Blocker, a novice FoFi of Cheibriados (D:8)
  3 spriggan druids
  3 unseen horrors
  4 flayed ghosts
  A salamander mystic (Vaults:2)
  17 deep trolls
  20 deep elf archers
  7 giant orange brains
  A phantasmal warrior (D:14)
  A shambling mangrove (Swamp:4)
  12 naga ritualists
  3 hill giants
  A lindwurm (shapeshifter) (Depths:5)
  12 swamp dragons
  A tengu zombie (Depths:1)
  An anubis guard (shapeshifter) (D:15)
  2 necromancers
  A lindwurm (Lair:7)
  14 orc knights
  A manticore (D:13)
  10 ironbrand convokers
  43 ugly things
  16 mana vipers
  A mana viper (shapeshifter) (D:15)
  6 orc sorcerers
  68 deep elf magi
  A wolf spider (Vaults:1)
  10 griffons
  3 hornets
  16 salamanders
  5 cyclopes
  25 elephants
  A hornet (shapeshifter) (Depths:4)
  4 centaur zombies
  An elephant (shapeshifter) (Depths:4)
  An ice statue (IceCv)
  18 naga magi
  3 guardian serpents
  15 vault sentinels
  43 black mambas
  An octopode (shapeshifter) (Vaults:3)
  5 spectral swamp worms (Depths:1)
  The ghost of Feta the Blocker, a novice FoFi of Cheibriados (D:4)
  A spiny frog (shapeshifter) (D:14)
  15 komodo dragons
  4 gargoyles
  A rime drake (shapeshifter) (Depths:1)
  40 spiny frogs
  2 yaktaurs (shapeshifter)
  An efreet (D:15)
  33 yaktaurs
  6 rime drakes
  16 freezing wraiths
  A komodo dragon (shapeshifter) (Depths:3)
  5 tengu conjurers
  8 trolls
  A merfolk (D:9)
  A jumping spider (Depths:1)
  A queen bee (shapeshifter) (Depths:4)
  A jumping spider (shapeshifter) (Elf:3)
  8 giant leeches
  32 two-headed ogres
  3 boulder beetles
  2 blink frogs (shapeshifter)
  A wolf spider simulacrum (IceCv)
  16 slime creatures
  A two-headed ogre (shapeshifter) (Vaults:4)
  46 blink frogs
  9 bog bodies
  7 spriggans
  6 air elementals
  A spriggan (shapeshifter) (Depths:4)
  Sigmund (D:4)
  A tarantella (shapeshifter) (D:12)
  6 wraiths
  12 redbacks
  9 water elementals
  40 yaks
  6 shadows
  4 basilisks
  5 wyverns
  2 fire elementals (Elf:2)
  A vampire (D:13)
  A spriggan simulacrum (Depths:1)
  A hog (D:15)
  34 vampire mosquitoes
  2 hungry ghosts
  16 hippogriffs
  6 wargs
  4 mottled dragons
  46 nagas
  A yaktaur simulacrum (Depths:1)
  24 swamp worms
  8 insubstantial wisps (Swamp:4)
  Duvessa (D:4)
  A soldier ant (shapeshifter) (Depths:2)
  A soldier ant (D:15)
  9 hell hounds (Depths:3)
  13 water moccasins
  12 porcupines
  5 giant eyeballs (Depths:2)
  A black bear (shapeshifter) (Depths:1)
  A necrophage (D:10)
  34 orc warriors
  A swamp drake (shapeshifter) (Vaults:3)
  9 swamp drakes
  An ice dragon simulacrum (Depths:1)
  8 ice beasts
  7 wasps
  2 phantoms
  3 sky beasts
  A deep troll simulacrum (Depths:1)
  60 ogres
  A black bear (D:8)
  23 wolves
  3 boggarts (Depths:1)
  33 centaurs
  16 crocodiles
  3 big kobolds
  27 giant frogs
  Dowan (D:4)
  A wyvern zombie (D:12)
  6 earth elementals
  A wyvern skeleton (D:11)
  5 scorpions
  A human simulacrum (Vaults:3)
  An elephant simulacrum (IceCv)
  14 killer bees
  8 wights
  4 howler monkeys
  6 electric eels
  5 crimson imps
  A draconian simulacrum (IceCv)
  2 quasits
  2 giant frog zombies
  9 jellies
  19 orc priests
  4 centaur skeletons
  4 hounds
  23 orc wizards
  2 giant frog skeletons
  Terence (D:2)
  9 iguanas
  10 worker ants
  A polar bear simulacrum (IceCv)
  13 troll simulacra (IceCv)
  A wolf simulacrum (IceCv)
  2 killer bee zombies
  5 centaur simulacra
  A hound zombie (D:7)
  2 hound skeletons
  4 mummies
  3 gnolls (D:11)
  A naga simulacrum (IceCv)
  An ogre simulacrum (IceCv)
  17 adders
  3 howler monkey skeletons
  72 river rats
  A river rat (shapeshifter) (D:15)
  A shadow imp (D:8)
  12 white imps (IceCv)
  4 adder zombies
  4 oozes
  4 adder skeletons
  7 worms
  3 dart slugs
  5 giant geckos
  116 orcs
  A ball python (D:3)
  5 giant cockroaches
  12 goblins
  3 hobgoblins
  3 jackals
  27 kobolds
  5 quokkas
  3 sheep
  4 bats
  A giant gecko skeleton (D:4)
  4 giant newts
  A goblin zombie (Ossuary)
  6 hobgoblin zombies (Ossuary)
  2 kobold zombies (Ossuary)
  3 quokka zombies (Ossuary)
  5 rats
  4 rat zombies (Ossuary)
  2 fire vortices (Vaults:5)
  2 plants (Lair:7)
2235 creatures vanquished.

Vanquished Creatures (collateral kills)
  A juggernaut (Depths:5)
  Frederick (Vaults:3)
  Saint Roka (Vaults:4)
  An iron giant (Depths:4)
  A fire giant (Depths:2)
  A vault warden (Vaults:4)
  An ironheart preserver (Vaults:2)
  An anaconda (Snake:4)
  A death knight (Vaults:2)
  A deep troll shaman (Vaults:2)
  2 skeletal warriors (Vaults:3)
  A flayed ghost (Depths:2)
  4 deep trolls
  An orc knight (Vaults:4)
  2 ugly things (Depths:2)
  A vault sentinel (Vaults:4)
  2 naga magi (Snake:4)
  A yaktaur (Vaults:4)
  A warg (shapeshifter) (Depths:2)
  A warg (Vaults:4)
  A naga (Snake:4)
  4 orc warriors (Vaults:4)
  An ogre (Vaults:5)
  3 orcs (Vaults:4)
35 creatures vanquished.

Vanquished Creatures (others)
  Nikola (Swamp:2)
  A fire giant (Depths:2)
  A deep elf elementalist (Elf:3)
  A black draconian (Depths:5)
  A deep elf high priest (Elf:3)
  A tengu warrior (Depths:4)
  A deep troll shaman (Depths:2)
  A spriggan druid (Swamp:4)
  A vault sentinel (Vaults:1)
  A tengu conjurer (Depths:2)
  An orc warrior (Vaults:4)
  A wasp (Swamp:3)
  2 ogres
  A boggart (Depths:1)
  3 centaurs
  A jelly (D:15)
  An orc priest (D:11)
  A worker ant (D:11)
  An orc (D:4)
  2 briar patches (Swamp:1)
  A bush (Lair:8)
  27 fungi
  59 plants
111 creatures vanquished.

Grand Total: 2381 creatures vanquished

Notes
Turn   | Place    | Note
--------------------------------------------------------------
     0 | D:1      | Liquid the Human Fighter began the quest for the Orb.
     0 | D:1      | Reached XP level 1. HP: 18/18 MP: 1/1
    32 | D:1      | Reached XP level 2. HP: 18/24 MP: 2/2
   289 | D:1      | Reached XP level 3. HP: 26/29 MP: 3/3
   439 | D:1      | Found a sparkling altar of Nemelex Xobeh.
   615 | D:2      | Reached XP level 4. HP: 14/35 MP: 4/4
  1270 | D:2      | Noticed Terence
  1284 | D:2      | Killed Terence
  1284 | D:2      | Reached XP level 5. HP: 41/41 MP: 5/5
  1304 | D:2      | Found a shimmering altar of Xom.
  1534 | D:2      | You fall through a shaft!
  1719 | D:3      | Reached XP level 6. HP: 22/47 MP: 6/6
  2248 | D:4      | Noticed Feta's ghost (novice FoFi)
  2248 | D:4      | Noticed Duvessa
  2249 | D:4      | Noticed Dowan
  2472 | D:4      | Killed Feta's ghost
  2472 | D:4      | Reached skill level 5 in Polearms
  2472 | D:4      | Reached skill level 4 in Shields
  2472 | D:4      | Reached XP level 7. HP: 29/55 MP: 7/7
  2476 | D:4      | Killed Duvessa
  2483 | D:4      | Killed Dowan
  2483 | D:4      | Reached XP level 8. HP: 23/61 MP: 8/8
  2730 | D:4      | Found Teileo Poygh's Weapon Boutique.
  3187 | D:4      | Reached skill level 5 in Armour
  3467 | D:4      | Found an oddly glowing altar of Pakellas.
  3467 | D:4      | Noticed Sigmund
  3490 | D:4      | Killed Sigmund
  3490 | D:4      | Reached skill level 5 in Fighting
  3490 | D:4      | Reached skill level 5 in Shields
  3915 | D:5      | Entered Level 5 of the Dungeon
  4212 | D:5      | Reached XP level 9. HP: 67/68 MP: 9/9
  5144 | D:5      | Found a staircase to the Ecumenical Temple.
  5155 | Temple   | Entered the Ecumenical Temple
  5167 | Temple   | Became a worshipper of the Shining One
  5293 | D:6      | Reached skill level 6 in Shields
  5405 | D:6      | Found a white marble altar of Elyvilon.
  5819 | D:7      | Found a shattered altar of Ashenzari.
  5900 | D:7      | Reached skill level 1 in Invocations
  5924 | D:7      | Reached XP level 10. HP: 24/77 MP: 9/11
  6453 | D:7      | Reached * piety under the Shining One
  6620 | D:7      | Found a sparkling altar of Nemelex Xobeh.
  6621 | D:7      | Found an oddly glowing altar of Pakellas.
  6711 | D:8      | Found a deep blue altar of Sif Muna.
  6846 | D:8      | Noticed Feta's ghost (novice FoFi)
  6891 | D:8      | Killed Feta's ghost
  6891 | D:8      | Reached skill level 7 in Shields
  6944 | D:8      | Gained mutation: You have a pair of small horns on your head. [mutagenic meat]
  6996 | D:8      | Found a staircase to the Lair.
  6996 | D:8      | Noticed a komodo dragon
  7046 | D:8      | Killed a komodo dragon
  7075 | D:8      | Found a sand-covered staircase.
  7087 | Ossuary  | Entered an ossuary
  7189 | Ossuary  | Reached ** piety under the Shining One
  7260 | Ossuary  | Reached *** piety under the Shining One
  7902 | D:9      | Found Zialacem's Book Shop.
  7940 | D:9      | Noticed a gargoyle
  7959 | D:9      | Killed a gargoyle
  7959 | D:9      | Reached XP level 11. HP: 63/85 MP: 14/14
  8182 | D:9      | Found a sacrificial altar of Ru.
  8275 | D:9      | Reached skill level 5 in Invocations
  8377 | D:10     | Entered Level 10 of the Dungeon
  8396 | D:10     | Reached **** piety under the Shining One
  8466 | D:10     | Identified the Grimoire of the Creative Volcanoes
  8600 | D:10     | Got a brightly glowing buckler
  8611 | D:10     | Identified the +2 buckler of the Catamount {rF- rN+ MR+} (You found it on level 10 of the Dungeon)
  9017 | D:11     | Reached skill level 8 in Shields
  9129 | D:11     | Noticed a cyan ugly thing
  9155 | D:11     | HP: 4/86 [cyan ugly thing (14)]
  9470 | D:11     | Killed a cyan ugly thing
  9476 | D:11     | Gained mutation: You are resistant to hostile enchantments. [mutagenic meat]
  9835 | D:11     | Found a staircase to the Orcish Mines.
  9957 | D:11     | Noticed a hill giant
  9958 | D:11     | Noticed an orc knight
  9971 | D:11     | Killed a hill giant
 10044 | D:11     | Killed an orc knight
 10044 | D:11     | Reached skill level 10 in Polearms
 10052 | D:11     | Found a roughly hewn altar of Beogh.
 10207 | D:12     | Reached ***** piety under the Shining One
 10209 | D:12     | Noticed a hill giant
 10222 | D:12     | Killed a hill giant
 10243 | D:12     | Reached XP level 12. HP: 54/94 MP: 16/16
 10579 | D:12     | Reached skill level 9 in Shields
 10611 | D:12     | Noticed an unseen horror
 10628 | D:12     | an unseen horror changed into a raiju
 10648 | D:12     | Gained mutation: You are clumsy. (Dex -2) [mutagenic meat]
 12126 | Lair:1   | Entered Level 1 of the Lair of Beasts
 12418 | Lair:1   | Reached skill level 1 in Dodging
 13639 | Lair:2   | Noticed Erica
 13647 | Lair:2   | Killed Erica
 13847 | Lair:2   | Reached skill level 5 in Dodging
 14281 | Lair:2   | Reached XP level 13. HP: 69/101 MP: 18/18
 14651 | Lair:3   | Gained mutation: Your body sometimes deteriorates upon taking damage. [potion of mutation]
 14651 | Lair:3   | Gained mutation: You possess an exceptional clarity of mind. [potion of mutation]
 14888 | Lair:3   | Noticed a six-headed hydra
 14898 | Lair:3   | Killed a one-headed hydra
 14975 | Lair:3   | Learned a level 2 spell: Blink
 14977 | Lair:3   | Learned a level 1 spell: Apportation
 14982 | Lair:3   | Learned a level 4 spell: Passage of Golubria
 14988 | Lair:3   | Reached skill level 10 in Fighting
 15313 | Lair:3   | Reached skill level 10 in Shields
 15529 | Lair:3   | Noticed a five-headed hydra
 15543 | Lair:3   | Killed a one-headed hydra
 15723 | Lair:3   | Found a staircase to the Swamp.
 16403 | Lair:4   | Noticed Josephine
 16427 | Lair:4   | Killed Josephine
 17429 | Lair:5   | Found a staircase to the Snake Pit.
 17856 | Lair:5   | Reached XP level 14. HP: 60/111 MP: 21/21
 18279 | Lair:5   | Gained mutation: Armour fits poorly on your strangely shaped body. [potion of mutation]
 18279 | Lair:5   | Gained mutation: Your muscles are strong. (Str +2) [potion of mutation]
 18393 | Lair:5   | Reached skill level 11 in Shields
 18927 | Lair:5   | Reached skill level 10 in Invocations
 20288 | Lair:7   | Found a staircase to the Slime Pits.
 22466 | Lair:7   | Reached XP level 15. HP: 72/119 MP: 21/23
 22808 | Lair:8   | Entered Level 8 of the Lair of Beasts
 22867 | Lair:8   | Noticed Nessos
 23168 | Lair:8   | Noticed Snorg
 23169 | Lair:8   | Reached ****** piety under the Shining One
 23196 | Lair:8   | Killed Snorg
 23987 | Lair:8   | Reached skill level 12 in Shields
 24074 | Lair:8   | Killed Nessos
 26077 | Lair:8   | Reached XP level 16. HP: 60/129 MP: 20/25
 27045 | Lair:8   | Got a jewelled scale mail
 27056 | Lair:8   | Identified the +4 scale mail of the Swan {+Blink Int-2 Dex+3} (You found it on level 8 of the Lair of Beasts)
 27175 | Lair:8   | Got a polished broad axe
 27176 | Lair:8   | Identified the +7 broad axe of Tumpudgh {drain, +Rage rPois Str+5} (You found it on level 8 of the Lair of Beasts)
 28045 | D:13     | Reached skill level 10 in Armour
 28252 | D:13     | Lost mutation: Armour fits poorly on your strangely shaped body. [potion of cure mutation]
 28252 | D:13     | Lost mutation: Your muscles are strong. (Str +2) [potion of cure mutation]
 28252 | D:13     | Lost mutation: Your body sometimes deteriorates upon taking damage. [potion of cure mutation]
 28252 | D:13     | Lost mutation: You are clumsy. (Dex -2) [potion of cure mutation]
 28252 | D:13     | Lost mutation: You are resistant to hostile enchantments. [potion of cure mutation]
 28252 | D:13     | Lost mutation: You possess an exceptional clarity of mind. [potion of cure mutation]
 28253 | D:13     | Lost mutation: You have a pair of small horns on your head. [potion of cure mutation]
 28254 | D:13     | Gained mutation: You are resistant to electric shocks. [potion of beneficial mutation]
 28375 | D:14     | Found Ziolugh's Blasphemy Boutique.
 28377 | D:14     | Found a basalt altar of Yredelemnul.
 28388 | D:14     | Bought a +2 demon trident of freezing for 585 gold pieces
 28409 | D:14     | Identified a +4 trishula of holy wrath (a +2 demon trident of freezing blessed by the Shining One)
 28409 | D:14     | Received a gift from the Shining One
 28459 | D:14     | Found a frozen archway.
 28481 | IceCv    | Entered an ice cave
 28672 | IceCv    | Got an ancient swamp dragon armour
 28686 | IceCv    | Found an ancient bone altar of Kikubaaqudgha.
 28744 | IceCv    | Identified the +3 swamp dragon armour of Makhleb {*Contam rElec rPois rC+} (You found it in an ice cave)
 29095 | D:14     | Found a gate to the Vaults.
 29125 | D:14     | Reached skill level 13 in Shields
 29129 | D:14     | Gained mutation: You have sharp toenails. [mutagenic meat]
 29612 | D:14     | Gained mutation: You tend to lose your temper in combat. [mutagenic meat]
 29613 | D:14     | Gained mutation: You are weak. (Str -2) [mutagenic meat]
 29614 | D:14     | Gained mutation: You expend magic power (3 MP) to strengthen your wands. [mutagenic meat]
 29615 | D:14     | Gained mutation: Your natural rate of healing is unusually fast. [mutagenic meat]
 29616 | D:14     | Lost mutation: You are weak. (Str -2) [mutagenic meat]
 29617 | D:14     | Gained mutation: You evolve. [mutagenic meat]
 29735 | D:14     | Gained mutation: You are frail (-10% HP). [mutagenic meat]
 29736 | D:14     | Gained mutation: You are partially covered in yellow scales (AC +2). [mutagenic meat]
 29737 | D:14     | Lost mutation: You are frail (-10% HP). [mutagenic meat]
 29738 | D:14     | Gained mutation: Your muscles are strong. (Str +2) [mutagenic meat]
 29858 | D:15     | Entered Level 15 of the Dungeon
 29860 | D:15     | Noticed Louise
 29878 | D:15     | Killed Louise
 30030 | D:15     | Noticed Kirke
 30042 | D:15     | Killed Kirke
 30180 | D:15     | Reached XP level 17. HP: 136/136 MP: 26/26
 30211 | D:15     | Lost mutation: Your muscles are strong. (Str +2) [mutagenic meat]
 30240 | D:15     | Found a staircase to the Depths.
 30251 | D:15     | Gained mutation: You have razor-sharp toenails. [mutagenic meat]
 30731 | D:11     | Gained mutation: You have claws for feet. [evolution]
 30809 | Orc:1    | Entered Level 1 of the Orcish Mines
 31259 | Orc:2    | Entered Level 2 of the Orcish Mines
 31574 | Orc:2    | Noticed Sonja
 31791 | Orc:2    | Found Kyus's Book Boutique.
 31791 | Orc:2    | Found Lesoen's Book Emporium.
 31792 | Orc:2    | Found Jolapn's Armour Shoppe.
 31792 | Orc:2    | Found Boikh's Antique Armour Boutique.
 31807 | Orc:2    | Bought a manual of Shields for 1435 gold pieces
 31808 | Orc:2    | Bought a pair of runed gloves for 139 gold pieces
 31808 | Orc:2    | Bought an embroidered cloak for 139 gold pieces
 31843 | Orc:2    | Bought a +0 pair of gloves of strength for 149 gold pieces
 32118 | Orc:2    | Found a staircase to the Elven Halls.
 32376 | Orc:2    | Killed Sonja
 32710 | Swamp:1  | Entered Level 1 of the Swamp
 33143 | Swamp:1  | Got a crystal trident
 33144 | Swamp:1  | Identified the +1 trident "Gaqoez" {pierce, +Blink Stlth+} (You found it on level 1 of the Swamp)
 33184 | Swamp:1  | Noticed a thorn hunter
 33207 | Swamp:1  | Killed a thorn hunter
 33238 | Swamp:1  | Reached skill level 10 in Dodging
 33376 | Swamp:2  | Noticed Roxanne
 33451 | Swamp:2  | Killed Roxanne
 33464 | Swamp:2  | Learned a level 6 spell: Statue Form
 33623 | Swamp:2  | Reached skill level 14 in Shields
 33672 | Swamp:2  | Gained mutation: Your flesh is cold resistant. [evolution]
 33701 | Swamp:2  | Got a steaming wooden ring
 33733 | Swamp:2  | Noticed Nikola
 33755 | Swamp:2  | Killed Nikola
 33790 | Swamp:2  | Reached skill level 1 in Spellcasting
 34183 | Swamp:3  | Identified the ring of Qesigh {SustAt Int+2} (You found it on level 2 of the Swamp)
 34363 | Swamp:2  | Reached XP level 18. HP: 114/145 MP: 28/28
 35131 | Swamp:4  | Entered Level 4 of the Swamp
 35670 | Swamp:4  | Got a decaying rune of Zot
 35774 | Swamp:4  | Reached skill level 15 in Shields
 36200 | Snake:1  | Entered Level 1 of the Snake Pit
 36360 | Snake:1  | Reached skill level 5 in Spellcasting
 36476 | Snake:1  | Found a shadowy altar of Dithmenos.
 36489 | Snake:1  | Got a coiled marble ring
 36491 | Snake:1  | Identified the ring of Xom's Passing Interest {rPois Int+3 Stlth+} (You found it on level 1 of the Snake Pit)
 36674 | Snake:1  | Reached skill level 15 in Polearms
 36898 | Snake:2  | Found Wetiun's Antique Armour Shop.
 36992 | Snake:2  | Reached XP level 19. HP: 118/153 MP: 23/29
 37047 | Snake:2  | Gained mutation: You are agile. (Dex +2) [evolution]
 37775 | Snake:2  | Noticed Jorgrun
 37786 | Snake:2  | Killed Jorgrun
 37794 | Snake:2  | Reached skill level 16 in Shields
 38513 | Snake:4  | Entered Level 4 of the Snake Pit
 38886 | Snake:4  | Learned a level 3 spell: Spectral Weapon
 38889 | Snake:4  | Learned a level 2 spell: Song of Slaying
 38893 | Snake:4  | Learned a level 3 spell: Regeneration
 39323 | Snake:4  | Noticed Aizul
 39628 | Snake:4  | Reached skill level 15 in Invocations
 39655 | Snake:4  | Noticed Donald
 39681 | Snake:4  | Killed Donald
 39681 | Snake:4  | Reached XP level 20. HP: 127/161 MP: 33/33
 39778 | Snake:4  | Reached skill level 15 in Fighting
 40083 | Snake:4  | Killed Aizul
 40143 | Snake:4  | Got a serpentine rune of Zot
 40676 | Elf:1    | Entered Level 1 of the Elven Halls
 40676 | Elf:1    | Found Emmihow's Magic Scroll Boutique.
 40676 | Elf:1    | Found Kaucubb's Weapon Shoppe.
 40678 | Elf:1    | Reached skill level 1 in Transmutations
 40877 | Elf:1    | Reached skill level 17 in Shields
 41038 | Elf:1    | Found Houskiuz's Book Boutique.
 41292 | Elf:1    | Found Rul Tim's Weapon Shop.
 41302 | Elf:1    | Reached skill level 1 in Earth Magic
 41376 | Elf:1    | Found Luihem's Weapon Emporium.
 41633 | Elf:2    | Reached skill level 10 in Spellcasting
 41699 | Elf:2    | Noticed Asterion
 41721 | Elf:2    | Killed Asterion
 41732 | Elf:2    | Found a huge runed gate.
 41732 | Elf:2    | Found a huge runed gate.
 41733 | Elf:2    | Found a huge runed gate.
 41734 | Elf:2    | Found a huge runed gate.
 41763 | Elf:2    | Found a huge runed gate.
 41830 | Elf:2    | Noticed Wiglaf
 41860 | Elf:2    | Killed Wiglaf
 41860 | Elf:2    | Reached skill level 5 in Transmutations
 42189 | Elf:2    | Reached XP level 21. HP: 169/169 MP: 35/35
 42894 | Elf:2    | Noticed Norris
 42934 | Elf:2    | Killed Norris
 42949 | Elf:2    | Gained mutation: You passively map a small area around you. [potion of beneficial mutation]
 43103 | Elf:3    | Entered Level 3 of the Elven Halls
 43205 | Elf:3    | Reached skill level 18 in Shields
 43487 | Elf:3    | Reached skill level 5 in Earth Magic
 43709 | Elf:3    | Identified the Volume of Blistering Confrontation
 43724 | Elf:3    | Got a warped chain mail
 43726 | Elf:3    | Identified a +7 rod of inaccuracy (14/14) (You found it on level 3 of the Elven Halls)
 43728 | Elf:3    | Identified the +13 chain mail "Tuinen" {Regen+} (You found it on level 3 of the Elven Halls)
 43766 | Elf:3    | Gained mutation: You occasionally shout uncontrollably at your foes. [mutagenic glow]
 43816 | Elf:3    | Gained mutation: You are partially covered in slimy green scales (AC +2). [evolution]
 43816 | Elf:3    | Lost mutation: You evolve. [end of evolution]
 44219 | Elf:3    | Reached XP level 22. HP: 143/177 MP: 35/37
 45523 | Depths:1 | Entered Level 1 of the Depths
 45679 | Depths:1 | Found a gateway to Hell.
 46603 | Depths:1 | Noticed a caustic shrike
 46780 | Depths:1 | Reached skill level 10 in Transmutations
 47274 | Depths:2 | Got an iridescent trident
 47276 | Depths:2 | Identified the +6 trident of Tuni {pierce, rF+} (You found it on level 2 of the Depths)
 47293 | Depths:2 | Paralysed by a great orb of eyes for 2 turns
 47541 | Depths:2 | Noticed Sojobo
 47567 | Depths:2 | Noticed a juggernaut
 47760 | Depths:2 | Killed Sojobo
 47760 | Depths:2 | Reached XP level 23. HP: 185/185 MP: 36/38
 48158 | Vaults:1 | Entered Level 1 of the Vaults
 48534 | Vaults:1 | Reached skill level 19 in Shields
 49732 | Vaults:2 | Noticed M4edhros's ghost (veteran FoHu)
 49754 | Vaults:2 | Killed M4edhros's ghost
 50001 | Vaults:2 | Found Vekix's Gadget Emporium.
 51203 | Vaults:3 | Reached XP level 24. HP: 193/193 MP: 39/39
 51358 | Vaults:3 | Found a staircase to the Crypt.
 51361 | Vaults:3 | Noticed Frederick
 51385 | Vaults:3 | Killed Frederick
 51524 | Vaults:3 | Noticed Jory
 51536 | Vaults:3 | Killed Jory
 52045 | Vaults:3 | Paralysed by a great orb of eyes for 7 turns
 52201 | Vaults:3 | Got a coiled wooden ring
 52294 | Vaults:3 | Found Vanlirol's Jewellery Boutique.
 52376 | Vaults:3 | Identified the ring "Jaunocub" {rCorr MR- Int+9 Dex+4} (You took it off a yaktaur on level 3 of the Vaults)
 52893 | Vaults:4 | Reached skill level 10 in Earth Magic
 54102 | Vaults:4 | Noticed Saint Roka
 54122 | Vaults:4 | Killed Saint Roka
 54458 | Depths:1 | Reached XP level 25. HP: 202/202 MP: 40/40
 55333 | Depths:3 | Found a one-way gate leading to the halls of Pandemonium.
 55435 | Depths:3 | Got a flickering bone ring
 55448 | Depths:3 | Identified the ring "Jeag" {+Fly rC+++ MR- Int-3 Dex+3} (You found it on level 3 of the Depths)
 56768 | Depths:4 | Learned a level 2 spell: Swiftness
 57326 | Depths:4 | Found a one-way gate to the infinite horrors of the Abyss.
 57561 | Depths:5 | Entered Level 5 of the Depths
 57583 | Depths:5 | Noticed a juggernaut
 57706 | Depths:4 | Reached XP level 26. HP: 139/211 MP: 41/41
 58408 | Depths:5 | Found a runed door.
 58445 | Depths:5 | Found a runed door.
 58466 | Depths:5 | Found a runed door.
 58466 | Depths:5 | Found a gate to the Realm of Zot.
 58544 | Depths:5 | Found a runed door.
 58549 | Depths:5 | Found a runed door.
 58755 | Depths:5 | Killed a juggernaut
 58920 | Depths:5 | Learned a level 2 spell: Repel Missiles
 58951 | Depths:5 | Found a gateway to a ziggurat.
 59272 | Depths:5 | Found a runed door.
 59609 | Depths:2 | Killed a juggernaut
 59662 | Depths:2 | Got a flickering tin ring
 59712 | Depths:2 | Got a clouded iron ring
 59856 | Depths:2 | Got a smoking jade ring
 59859 | Depths:2 | Identified the ring "Latuigea" {+Inv rN+ Stlth+} (You found it on level 2 of the Depths)
 59860 | Depths:2 | Identified the ring of Dishonour {Ice rPois Str+7 Dex+4} (You took it off a salamander stormcaller on level 2 of the Depths)
 59861 | Depths:2 | Identified the ring "Ulajutae" {rCorr +Inv Dex-4 Slay+2} (You took it off Sojobo on level 2 of the Depths)
 59903 | Depths:2 | Found an oddly glowing altar of Pakellas.
 60458 | Vaults:5 | Entered Level 5 of the Vaults
 60466 | Vaults:5 | Noticed an ancient lich
 60469 | Vaults:5 | Reached XP level 27. HP: 152/219 MP: 41/41
 60523 | Vaults:5 | Noticed Xtahua
 60531 | Vaults:5 | Noticed an ancient lich
 60577 | Vaults:5 | Killed an ancient lich
 60596 | Vaults:5 | Shot with a bolt by a yaktaur captain

Skill      XL: |  1  2  3  4  5  6  7  8  9 10 11 12 13 14 15 16 17 18 19 20 21 22 23 24 25 26 27 |
---------------+----------------------------------------------------------------------------------+-----
Polearms       | 3 4 5 6 8 9 10 11 12 13 14 15 16 17 | 17.6
Armour         | 4 5 6 7 8 9 10 11 | 11.3
Fighting       | 4 5 6 7 8 9 10 11 12 13 14 15 16 17 18 | 18.7
Shields        | 4 5 6 7 8 9 10 11 12 13 14 15 16 17 18 19 | 19.1
Invocations    | 1 4 6 7 9 11 12 13 14 15 | 15.3
Dodging        | 6 7 8 9 10 11 12 13 | 13.9
Spellcasting   | 2 6 9 10 11 12 13 14 | 14.8
Transmutations | 5 9 11 13 14 | 14.0
Earth Magic    | 2 5 7 9 10 12 13 14 | 14.1

Action                   |  1- 3 |  4- 6 |  7- 9 | 10-12 | 13-15 | 16-18 | 19-21 | 22-24 | 25-27 || total
-------------------------+-------+-------+-------+-------+-------+-------+-------+-------+-------++-------
Melee: Trident           |   110 |   233 |   326 |   429 |  1880 |   329 |       |    11 |   230 ||  3548
       Unarmed           |       |       |    16 |       |       |       |       |       |       ||    16
       Spear             |       |       |   122 |   753 |       |       |       |       |       ||   875
       Headbutt          |       |       |       |   197 |   496 |    88 |       |       |       ||   781
       Scimitar          |       |       |       |       |    45 |     5 |       |       |       ||    50
       Trishula          |       |       |       |       |       |  1455 |  1683 |  2096 |  1228 ||  6462
       Kick              |       |       |       |       |       |   442 |   590 |   961 |   641 ||  2634
 Cast: Statue Form       |       |       |       |       |       |       |       |       |     5 ||     5
       Swiftness         |       |       |       |       |       |       |       |       |     1 ||     1
Invok: Cleansing Flame   |       |       |       |       |     2 |     5 |     1 |     6 |     6 ||    20
       Divine Shield     |       |       |       |       |     3 |     6 |    12 |    20 |    16 ||    57
       Brand Weapon With |       |       |       |       |       |     1 |       |       |       ||     1
       Summon Divine War |       |       |       |       |       |       |     2 |     6 |     5 ||    13
 Abil: End Transformatio |       |       |       |       |       |       |       |       |     2 ||     2
Evoke: Wand              |       |       |       |    10 |     1 |     3 |     3 |     8 |    11 ||    36
  Use: Potion            |       |     2 |     4 |     5 |    16 |     7 |     5 |     2 |     4 ||    45
       Scroll            |       |     2 |     9 |    13 |    11 |    19 |     5 |    10 |     8 ||    77
 Stab: Petrified         |       |       |       |       |       |     2 |       |       |       ||     2
  Eat: Chunk             |       |     5 |    15 |    32 |    37 |    60 |    14 |    42 |    28 ||   233
       Royal jelly       |       |       |     1 |       |     1 |       |       |       |       ||     2
       Pizza             |       |       |     1 |       |       |     4 |       |     5 |     1 ||    11
       Beef jerky        |       |       |       |       |       |       |     7 |     1 |     1 ||     9
       Fruit             |       |       |       |       |       |       |    14 |     2 |     5 ||    21
Armor: Scale mail        |    40 |    16 |       |       |       |    57 |       |       |       ||   113
       Chain mail        |       |    89 |   117 |       |       |       |       |       |       ||   206
       Plate armour      |       |       |    56 |   280 |   478 |     7 |       |       |       ||   821
       Skin              |       |       |    20 |       |     4 |       |       |       |    81 ||   105
       Swamp dragon armo |       |       |       |       |       |   197 |   195 |   247 |   178 ||   817
Dodge: Dodged            |    27 |    45 |    75 |    97 |   371 |   489 |   405 |   500 |   512 ||  2521
Block: Shield            |    36 |    97 |   213 |   419 |  1042 |   272 |       |       |       ||  2079
       Large shield      |       |       |       |       |       |   865 |  1315 |  1859 |  1400 ||  5439
